Map: [ESL] Goldenaura

Players

Harstem

  • Race: Protoss Protoss
  • League: Grandmaster
  • Spawn Location: 12:00

Kelazhur - Winner!

  • Race: Terran Terran
  • Spawn Location: 5:00

Event: IEM Katowice 2024

VOD

Have the link to the VOD?

Description

Time

  • Played on: Dec. 7, 2023, 3:06 p.m.
  • Length: 5:10

All games in this series

Show
View Real Time Build Order
Export as new Build Order

Harstem Protoss 

Build Orders: 1 Gate Expand, Oracle Opening, Phoenix Opening 

Get SALT Encoding   

  12  0:00  Probe  
  13  0:12  Probe  
  14  0:18  Pylon  
  14  0:31  Probe (Chrono Boost)  
  15  0:37  Gateway  
  16  0:42  Probe (Chrono Boost)  
  16  0:44  Assimilator  
  16  0:47  Probe (Chrono Boost)  
  17  0:57  Probe  
  18  1:09  Probe  
  19  1:21  Probe  
  19  1:24  Cybernetics Core  
  20  1:36  Nexus  
  20  1:43  Pylon  
  20  1:45  Probe  
  21  1:52  Assimilator  
  21  1:58  Adept (Chrono Boost), Probe  
  24  2:10  Probe  
  25  2:19  Adept (Chrono Boost)  
  25  2:22  Probe  
  28  2:28  Stargate  
  28  2:34  Probe  
  29  2:37  Warp Gate  
  29  2:49  Probe x2 (Chrono Boost)  
  31  2:57  Stalker  
  34  3:00  Probe (Chrono Boost)  
  34  3:02  Probe (Chrono Boost)  
  34  3:05  Probe (Chrono Boost)  
  35  3:10  Probe  
  35  3:11  Oracle (Chrono Boost)  
  37  3:16  Probe  
  41  3:20  Pylon  
  41  3:22  Probe  
  42  3:27  Stalker  
  42  3:28  Probe  
  45  3:34  Probe  
  45  3:38  Pylon  
  45  3:40  Probe  
  47  3:41  Phoenix (Chrono Boost)  
  47  3:46  Probe  
  50  3:52  Probe  
  51  3:59  Probe  
  51  4:01  Phoenix (Chrono Boost)  
  54  4:04  Probe  
  54  4:09  Nexus  
  55  4:13  Gateway  
  55  4:21  Phoenix  
  44  4:39  Stalker  
  44  4:40  Probe  
  44  4:43  Probe  
  45  4:53  Probe  
  45  4:55  Probe (Chrono Boost)  
  43  5:03  Stalker  
Show
View Real Time Build Order
Export as new Build Order

Kelazhur Terran - Winner!

Build Orders: Cyclone Opening 

Get SALT Encoding   

  12  0:00  SCV  
  13  0:12  SCV  
  14  0:17  Supply Depot  
  14  0:24  SCV  
  15  0:38  SCV  
  15  0:40  Barracks  
  16  0:43  Refinery  
  16  0:50  SCV  
  16  0:53  Refinery  
  17  1:03  SCV  
  18  1:15  SCV  
  19  1:27  Orbital Command, Reaper  
  20  1:33  Supply Depot  
  20  1:41  Factory  
  20  1:53  SCV  
  21  1:59  Barracks Reactor  
  21  2:05  SCV  
  22  2:17  Command Center  
  22  2:19  SCV  
  23  2:25  Cyclone  
  25  2:31  SCV  
  26  2:38  Supply Depot  
  26  2:46  Starport  
  26  2:48  Marine x2  
  26  2:50  SCV  
  28  2:58  Cyclone  
  30  3:02  SCV  
  31  3:05  Marine  
  31  3:07  Marine  
  33  3:14  SCV  
  34  3:25  Medivac  
  36  3:27  SCV  
  36  3:28  Marine  
  36  3:29  Marine  
  36  3:30  Cyclone  
  41  3:36  Orbital Command  
  41  3:39  SCV  
  42  3:46  Marine x2  
  44  3:51  SCV  
  45  4:00  Liberator  
  45  4:02  Cyclone, SCV  
  51  4:05  Marine x2  
  53  4:10  SCV  
  54  4:25  Marine x2  
  53  4:34  SCV  
  54  4:43  Marine x2  
  54  4:52  Command Center  
  54  4:57  Supply Depot  

Tags
 
Add a new tag
Caveats
  • Supply blocks, unpowered buildings, or Contaminate may cause inaccurate times.
  • Supply counts are checked every 10 seconds.